 Dungeon Crawl Stone Soup version 0.19-b1-3-g7dea586 (webtiles) character file.

40158 theElss the Eclecticist (level 13, 0/84 HPs)
             Began as a High Elf Conjurer on Oct 29, 2016.
             Was a High Priest of Vehumet.
             Slain by a five-headed hydra (16 damage)
             ... on level 6 of the Lair of Beasts.
             The game lasted 01:28:57 (24516 turns).

theElss the Eclecticist (High Elf Conjurer)        Turns: 24516, Time: 01:28:58

Health: 0/84       AC:  5    Str:  7    XL:     13   Next: 73%
Magic:  24/43      EV: 18    Int: 23    God:    Vehumet [*****.]
Gold:   1226       SH:  0    Dex: 18    Spells: 7 memorised, 25 levels left

rFire  . . .     SeeInvis .     N - staff of energy
rCold  . . .     Gourm    .     a - +0 robe
rNeg   . . .     Faith    .     (no shield)
rPois  +         Spirit   .     (no helmet)
rElec  .         Reflect  .     (no cloak)
rCorr  .         Harm     .     (no gloves)
MR     +....                    q - +2 pair of boots
Stlth  ++........               (no amulet)
                                r - ring of magical power
                                d - ring of poison resistance

@: lethally poisoned (0 -> -4), about to teleport
A: no striking features
a: Renounce Religion


You were on level 6 of the Lair of Beasts.
You worshipped Vehumet.
Vehumet was extremely pleased with you.
You were not hungry.

You visited 3 branches of the dungeon, and saw 18 of its levels.

You collected 1226 gold pieces.

Inventory:

Hand Weapons
 y - a +0 flail of protection
 A - a +2 quarterstaff of protection
 I - a +1 morningstar of venom
Armour
 a - a +0 robe (worn)
 q - a +2 pair of boots (worn)
Magical Staves
 N - an uncursed staff of energy (weapon)
Jewellery
 d - a ring of poison resistance (left hand)
 r - a ring of magical power (right hand)
 v - a +3 ring of evasion
 w - a cursed ring of positive energy {unknown}
 M - an uncursed ring of flight
 Y - an uncursed ring of resist corrosion
Wands
 f - a wand of random effects (22/48)
 i - a wand of lightning (6/15)
 m - a wand of polymorph (8/24)
 n - a wand of polymorph (14/24)
 t - a wand of iceblast (4/15)
 H - a wand of digging (16/24)
Scrolls
 k - a scroll of amnesia
 o - 7 scrolls of remove curse
 p - 5 scrolls of teleportation
 s - a scroll of enchant armour {unknown}
 x - 5 scrolls of magic mapping
 z - a scroll of identify
 D - a scroll of enchant weapon
Potions
 e - 4 potions of flight
 g - 9 potions of curing
 h - 6 potions of haste
 l - 3 potions of heal wounds
 B - a potion of mutation {unknown}
Books
 j - a book of Spatial Translocations

   Spells                             Type                      Level
   a - Blink                          Translocation                2
   b - Shroud of Golubria             Charms/Translocation         2
   c - Lesser Beckoning               Translocation                3
   d - Portal Projectile              Translocation                3
   e - Teleport Other                 Translocation                3
   f - Passage of Golubria            Translocation                4
Comestibles
 b - 4 fruits
 c - 18 bread rations
 u - 2 slices of pizza
 C - a chunk of flesh
 F - 6 meat rations
 J - 10 beef jerkies


   Skills:
 * Level 6.4 Fighting
 * Level 7.8 Dodging
 - Level 2.1 Stealth
 + Level 16.0 Spellcasting
 + Level 15.6 Conjurations
 * Level 6.8 Fire Magic


You had 25 spell levels left.
You knew the following spells:

 Your Spells              Type           Power        Failure   Level  Hunger
a - Magic Dart            Conj           ####         0%          1    None
b - Iskenderun's Battles  Conj/Chrm      ######..     1%          5    None
c - Searing Ray           Conj           ######       0%          2    None
d - Iskenderun's Mystic   Conj           ######..     1%          4    None
e - Flame Tongue          Conj/Fire      #####        1%          1    None
f - Throw Flame           Conj/Fire      ######       1%          2    None
g - Sticky Flame          Conj/Fire      ######..     1%          4    None


Dungeon Overview and Level Annotations

Branches:
Dungeon (11/15)            Temple (1/1) D:7            Lair (6/6) D:10
  Swamp (0/4) Lair:2       Spider (0/4) Lair:4        Slime (0/5) Lair:5
    Orc (0/2) D:10

Altars:
Ashenzari
Cheibriados
Dithmenos
Elyvilon
Fedhas
Gozag
Hepliaklqana
Kikubaaqudgha
Makhleb
Nemelex Xobeh
Okawaru
Qazlal
Ru
Sif Muna
Trog
Uskayaw
Vehumet
Xom
Yredelemnul
Zin
The Shining One

Annotations:
D:3 Sigmund
D:11 Gekot's ghost, journeyman MiFi


Message History

The polar bear misses you.
The polar bear claws you but does no damage.
The polar bear completely misses you. The water moccasin misses you.
The five-headed hydra barely misses you.
The five-headed hydra bites you but does no damage.
The five-headed hydra closely misses you.
The five-headed hydra completely misses you.
The five-headed hydra closely misses you.
The elephant tramples you!
You hold your ground!
The elephant trunk-slaps you but does no damage.
The black mamba completely misses you.
Casting: Iskenderun's Mystic Blast
Confirm with . or Enter, or press ? or * to list all spells.
You conjure a globe of magical energy.
The black mamba misses you. The water moccasin misses you.
The polar bear bites you!
* * * LOW HITPOINT WARNING * * *
The polar bear barely misses you. x2
The five-headed hydra bites you but does no damage. x2
The five-headed hydra bites you!
You die...

.... ##..) # .....#####....
#..####
.......#.....##...#..#
S...........##...##..##...##
...........##....#....#....##
.§......P.##....##....##....#
.$.......##.....#......#.....
......$..##hYS*##......##....
.)......ShSS@D.#.÷...P..#.P..
........[§.#PP.#÷÷####P.#PP..
...........####÷..# ##......
..........## ##....# ###.##.
........... P..### #####
..........## ##..#
......$...# #.## #...P..##.#
..# ...# ## ..# ####


You could see a five-headed hydra, an elephant, 2 polar bears, a guardian
serpent, a black mamba, 2 water moccasins and a friendly battlesphere.

Vanquished Creatures
  3 hydras
  The ghost of Ladykiller69 the Carver, a novice FoFi of Cheibriados (D:8)
  3 hill giants
  Pikel (D:5)
  A cyclops (D:10)
  2 wolf spiders
  6 elephants (Lair:6)
  6 black mambas
  9 komodo dragons
  2 rime drakes
  A kobold demonologist (D:11)
  10 spiny frogs
  2 ice devils (D:11)
  2 trolls
  3 hornets
  2 jumping spiders (Lair:4)
  The ghost of tv1990 the Chopper, an amateur FoMo (D:6)
  3 hippogriffs
  4 dream sheep (Lair:6)
  12 blink frogs
  Grinder (D:5)
  2 slime creatures (Lair:5)
  2 redbacks (Lair:6)
  34 yaks
  6 wyverns (Lair:6)
  Eustachio (D:5)
  6 basilisks
  3 hungry ghosts
  17 water moccasins
  6 swamp worms (Lair:2)
  A swamp drake (D:10)
  5 porcupines
  Duvessa (D:7)
  3 black bears
  6 sky beasts
  3 ice beasts
  3 hornet zombies
  2 slaves (D:5)
  4 orc warriors
  10 ogres
  2 phantoms
  9 centaurs
  11 crocodiles
  Blork the orc (D:4)
  5 big kobolds
  11 bullfrogs
  Dowan (D:6)
  A wyvern skeleton (D:9)
  3 scorpions
  9 killer bees
  2 howler monkeys (D:9)
  2 electric eels
  6 crimson imps
  3 centaur zombies
  4 jellies
  5 hounds
  6 orc priests
  A bullfrog skeleton (D:9)
  9 orc wizards
  5 iguanas
  9 worker ants
  A killer bee zombie (D:8)
  3 hound zombies
  A hound skeleton (D:8)
  3 worker ant zombies
  7 gnolls
  13 adders
  2 shadow imps (D:8)
  2 oozes
  An adder skeleton (D:7)
  3 worms
  2 dart slugs
  5 leopard geckos
  36 orcs
  A ball python (D:1)
  13 bats
  4 giant cockroaches
  9 hobgoblins
  8 jackals
  37 kobolds
  6 quokkas
  4 frilled lizards
  7 goblins
  A quokka skeleton (D:7)
  9 rats
  A plant (Lair:4)
474 creatures vanquished.

Vanquished Creatures (others)
  An orc wizard (D:4)
  A bush (Lair:6)
  21 fungi
  45 plants
68 creatures vanquished.

Grand Total: 542 creatures vanquished

Notes
Turn   | Place    | Note
-------+----------+-------------------------------------------
     0 | D:1      | theElss the High Elf Conjurer began the quest for the Orb.
     0 | D:1      | Reached XP level 1. HP: 11/11 MP: 4/4
   363 | D:1      | Reached XP level 2. HP: 17/17 MP: 3/6
   781 | D:2      | Found a faded altar of an unknown god.
   954 | D:2      | Reached skill level 5 in Conjurations
  1062 | D:2      | Reached XP level 3. HP: 21/21 MP: 4/8
  1066 | D:2      | Learned a level 2 spell: Searing Ray
  1219 | D:2      | Reached skill level 3 in Spellcasting
  1472 | D:1      | Reached XP level 4. HP: 27/27 MP: 0/9
  2864 | D:2      | Learned a level 4 spell: Iskenderun's Mystic Blast
  3077 | D:3      | Reached skill level 4 in Spellcasting
  3077 | D:3      | Reached XP level 5. HP: 31/31 MP: 4/12
  3271 | D:3      | Noticed Sigmund
  3285 | D:3      | You fall through a shaft!
  3883 | D:4      | Noticed Blork the orc
  3896 | D:4      | Killed Blork the orc
  3896 | D:4      | Reached skill level 5 in Spellcasting
  3896 | D:4      | Reached XP level 6. HP: 36/36 MP: 3/14
  4665 | D:5      | Entered Level 5 of the Dungeon
  4794 | D:5      | Noticed a slave
  4856 | D:6      | Noticed a sky beast
  4865 | D:6      | Killed a sky beast
  4865 | D:6      | Reached skill level 6 in Spellcasting
  4865 | D:6      | Reached XP level 7. HP: 21/41 MP: 5/17
  5027 | D:6      | Learned a level 5 spell: Iskenderun's Battlesphere
  5110 | D:5      | Noticed Eustachio
  5222 | D:5      | Killed Eustachio
  5222 | D:5      | Reached skill level 7 in Spellcasting
  5972 | D:6      | Reached XP level 8. HP: 46/46 MP: 16/20
  6035 | D:6      | Noticed tv1990's ghost (amateur FoMo)
  6360 | D:5      | Noticed Grinder
  6365 | D:5      | Killed Grinder
  6365 | D:5      | Reached skill level 8 in Spellcasting
  6899 | D:5      | Noticed Pikel
  6908 | D:5      | Killed Pikel
  6908 | D:5      | Reached skill level 9 in Spellcasting
  6908 | D:5      | Reached skill level 10 in Conjurations
  7053 | D:6      | Killed tv1990's ghost
  7053 | D:6      | Reached XP level 9. HP: 51/51 MP: 6/23
  7831 | D:7      | Noticed Duvessa
  7834 | D:7      | Killed Duvessa
  7834 | D:7      | Reached skill level 10 in Spellcasting
  8022 | D:7      | Noticed Dowan
  8035 | D:6      | Killed Dowan
  8609 | D:7      | Reached skill level 11 in Spellcasting
  9043 | D:7      | Reached XP level 10. HP: 56/56 MP: 17/26
  9145 | D:7      | Found a staircase to the Ecumenical Temple.
  9242 | Temple   | Entered the Ecumenical Temple
  9293 | Temple   | Became a worshipper of Vehumet
 10043 | D:8      | Noticed Ladykiller69's ghost (novice FoFi)
 10299 | D:8      | Killed Ladykiller69's ghost
 10621 | D:9      | Reached skill level 12 in Spellcasting
 10841 | D:9      | Reached * piety under Vehumet
 10841 | D:9      | Offered knowledge of Sting by Vehumet.
 11607 | D:10     | Entered Level 10 of the Dungeon
 11618 | D:10     | Noticed a hill giant
 11624 | D:10     | Killed a hill giant
 12069 | D:10     | Offered knowledge of Flame Tongue by Vehumet.
 12069 | D:10     | Reached XP level 11. HP: 61/61 MP: 1/28
 12083 | D:9      | Learned a level 1 spell: Flame Tongue
 12211 | D:10     | Reached skill level 13 in Spellcasting
 12323 | D:10     | Noticed a hill giant
 12353 | D:9      | Reached skill level 1 in Fire Magic
 12802 | D:9      | Reached skill level 1 in Fighting
 13109 | D:9      | Reached ** piety under Vehumet
 13547 | D:10     | Killed a hill giant
 14666 | D:10     | Offered knowledge of Throw Flame by Vehumet.
 14670 | D:10     | Learned a level 2 spell: Throw Flame
 14831 | D:10     | Found a staircase to the Lair.
 15127 | D:10     | Reached *** piety under Vehumet
 15231 | D:10     | Found a staircase to the Orcish Mines.
 15563 | D:11     | Noticed Gekot's ghost (journeyman MiFi)
 15772 | D:11     | Offered knowledge of Sticky Flame by Vehumet.
 16006 | D:11     | Noticed a hill giant
 16009 | D:11     | Killed a hill giant
 16480 | D:11     | Reached skill level 5 in Dodging
 16486 | D:11     | Reached XP level 12. HP: 45/72 MP: 6/30
 16492 | D:11     | Learned a level 4 spell: Sticky Flame
 16699 | D:11     | Reached **** piety under Vehumet
 16921 | D:11     | Offered knowledge of Olgreb's Toxic Radiance by Vehumet.
 17134 | Lair:1   | Entered Level 1 of the Lair of Beasts
 17441 | Lair:1   | Reached skill level 14 in Spellcasting
 19367 | Lair:2   | Found a staircase to the Swamp.
 19415 | Lair:2   | Reached skill level 5 in Fire Magic
 20009 | Lair:3   | Noticed a five-headed hydra
 20014 | Lair:3   | Killed a five-headed hydra
 20014 | Lair:3   | Reached skill level 15 in Conjurations
 20292 | Lair:3   | Reached ***** piety under Vehumet
 21038 | Lair:4   | Offered knowledge of Lightning Bolt by Vehumet.
 21268 | Lair:4   | Reached skill level 5 in Fighting
 21476 | Lair:4   | Noticed a five-headed hydra
 21480 | Lair:4   | Killed a five-headed hydra
 21480 | Lair:4   | Reached skill level 15 in Spellcasting
 21551 | Lair:4   | Reached XP level 13. HP: 62/81 MP: 28/33
 21639 | Lair:4   | Found a hole to the Spider Nest.
 22609 | Lair:5   | Found a staircase to the Slime Pits.
 23215 | Lair:6   | Entered Level 6 of the Lair of Beasts
 24509 | Lair:6   | Reached skill level 16 in Spellcasting
 24516 | Lair:6   | Slain by a five-headed hydra

Skill      XL: |  1  2  3  4  5  6  7  8  9 10 11 12 13 |
---------------+----------------------------------------+-----
Conjurations   | 5 6 7 8 10 11 13 14 15 | 15.6
Spellcasting   | 3 4 5 6 7 9 11 12 13 15 16 | 16.0
Fire Magic     | 3 5 6 |  6.8
Dodging        | 5 6 7 |  7.8
Fighting       | 3 5 6 |  6.4
Stealth        | |  2.1

Action                   |  1- 3 |  4- 6 |  7- 9 | 10-12 | 13-15 || total
-------------------------+-------+-------+-------+-------+-------++-------
Melee: Dagger            |       |     2 |       |       |       ||     2
       Flail             |       |       |     1 |     3 |       ||     4
       Staff             |       |       |       |     4 |       ||     4
 Cast: Magic Dart        |    79 |   142 |   110 |   277 |    58 ||   666
       Searing Ray       |       |    11 |    21 |    30 |       ||    62
       Iskenderun's Myst |       |     2 |    44 |   244 |    96 ||   386
       Iskenderun's Batt |       |       |       |    66 |    27 ||    93
       Throw Flame       |       |       |       |     9 |       ||     9
       Sticky Flame      |       |       |       |    11 |    13 ||    24
  Use: Scroll            |       |       |       |    14 |     2 ||    16
       Potion            |       |       |       |     2 |     1 ||     3
  Eat: Chunk             |     2 |    10 |    10 |    35 |     9 ||    66
       Meat ration       |       |       |     1 |       |       ||     1
       Pizza             |       |       |       |     3 |       ||     3
       Beef jerky        |       |       |       |     1 |       ||     1
Armor: Robe              |     1 |     7 |     7 |    30 |    13 ||    58
Dodge: Dodged            |    12 |    31 |    54 |   182 |    79 ||   358
